 Dungeon Sprint DCSS version 0.27-a0-263-gc8dee61f84 (webtiles) character file.

Game seed: 2106217791911725115

107596 mhtbhm the Executioner (level 16, -2/273 HPs)
             Began as a Minotaur Fighter on Feb 5, 2021.
             Was the Champion of Trog.
             Slain by an azure jelly (6 damage)
             ... created by the Royal Jelly
             ... in the Dungeon (Sprint VII: "The Pits").
             The game lasted 00:16:54 (5840 turns).

mhtbhm the Executioner (Minotaur Fighter)           Turns: 5840, Time: 00:16:54

Health: -2/273     AC: 22    Str: 29    XL:     16   Next: 0%
Magic:  15/15      EV: 19    Int:  5    God:    Trog [******]
Gold:   51         SH: 28    Dex: 16    Spells: 15/15 levels left

rFire    . . .     SeeInvis .   m - +9 broad axe of the Equinox {vorpal, Dex+4}
rCold    + + .     Faith    .   c - +1 tower shield
rNeg     . . .     Spirit   .   I - +7 ice dragon scales
rPois    .         Reflect  .   (helmet restricted)
rElec    .         Harm     .   s - +2 cloak
rCorr    .         Rampage  .   u - +1 pair of gloves
Will     +....     NoTele   +   r - +1 pair of boots
Stlth    ..........             (no amulet)
HPRegen  0.55/turn              x - ring of protection from fire
MPRegen  0.14/turn              o - +3 ring of strength

@: berserking, corroded, very quick
A: retaliatory headbutt, horns 2
a: Renounce Religion, Berserk, Trog's Hand, Brothers in Arms


You were in the Dungeon.
You worshipped Trog.
Trog was exalted by your worship.
You visited 1 branch You collected 51 gold pieces.

Inventory:

Hand Weapons
 a - the +14 obsidian axe {vorpal, +Fly SInv *Curse}
   (Trog gifted it to you in the Dungeon)

   It inflicts extra damage upon your enemies.
   It lets you see invisible.
   It lets you fly.
   It curses itself when equipped.
 m - the +9 broad axe of the Equinox (weapon) {vorpal, Dex+4}
   (Trog gifted it to you in the Dungeon)

   It inflicts extra damage upon your enemies.
   It affects your dexterity (+4).
 p - a +3 antimagic broad axe
 t - a +2 broad axe of flaming
 z - a +3 broad axe of freezing
Missiles
 v - 2 throwing nets (quivered)
Armour
 b - a +2 chain mail of positive energy
 c - a +1 tower shield (worn)
 r - a +1 pair of boots (worn)
 s - a +2 cloak (worn)
 u - a +1 pair of gloves (worn)
 I - +7 ice dragon scales (worn)
Jewellery
 o - a +3 ring of strength (right hand)
 x - a ring of protection from fire (left hand)
 E - an uncursed ring of poison resistance
Scrolls
 l - a scroll of remove curse
 n - a scroll of summoning
 A - 2 scrolls of fear
 B - 2 scrolls of fog
 C - 5 scrolls of enchant armour
Potions
 d - a potion of might
 e - 7 potions of curing
 f - 2 potions of heal wounds
 g - a potion of haste
 h - 4 potions of magic
 i - 6 potions of berserk rage
 k - a potion of invisibility
 q - a potion of resistance
 w - a potion of mutation
Miscellaneous
 D - a phantom mirror
 F - a lightning rod (4/4)
 G - a phantom mirror
 H - a phantom mirror


   Skills:
 + Level 26.6 Fighting
 + Level 26.7 Axes
 + Level 20.4 Armour
 + Level 12.9 Dodging
 + Level 14.8 Stealth
 + Level 24.7 Shields
 + Level 4.6 Unarmed Combat
 + Level 2.3 Evocations


You had 15 spell levels left.
You didn't know any spells.
Your spell library was empty.

Dungeon Overview and Level Annotations

Branches:
Dungeon (1/1)

Altars:
Cheibriados
Dithmenos
Elyvilon
Fedhas
Gozag
Hepliaklqana
Makhleb
Nemelex Xobeh
Okawaru
Qazlal
Ru
Sif Muna
Trog
Vehumet
Wu Jian
Xom
Yredelemnul
Zin
The Shining One
Beogh
Jiyva
Lugonu

Annotations:
D Khufu, Royal Jelly


Innate Abilities, Weirdness & Mutations

You reflexively headbutt those who attack you in melee.
You have a pair of horns on your head.


Message History

The floor.
Unknown command.
You slash the azure jelly! You headbutt the azure jelly.
The azure jelly is severely wounded.
You slice the azure jelly!! You hit the death ooze. You slash the azure jelly!
You block the azure jelly's attack. The azure jelly completely misses you.
You block the azure jelly's attack. x2; The azure jelly hits you.
* * * LOW HITPOINT WARNING * * *
The azure jelly freezes you! You resist.
* * * LOW HITPOINT WARNING * * *
You block the azure jelly's attack. x2; The azure jelly closely misses you.
You slice the Royal Jelly!!
Your hands burn!
* * * LOW HITPOINT WARNING * * *
The Royal Jelly is almost dead.
You closely miss the azure jelly. You hit the azure jelly.
You slash the azure jelly! You slash the death ooze!
The Royal Jelly shudders vigorously.
The Royal Jelly spits out two more jellies.
The azure jelly hits you.
You die...

###########
..........#
..........#
#########'# ##
#'#
##.###J#####.#
+..JJJJJJJ##'#
###J@## #.#
##.###J###'#
#.).'JJJ##)#
##)##'.###'#
#'#.### #.#
##.###.###'#
#...'...##.#
#'.##))###'#
#.###.#'# #)#


You could see the Royal Jelly, 2 acid blobs, 4 azure jellies and 5 death oozes.

Vanquished Creatures
  Antaeus (D)
  2 royal mummies (D)
  Boris (D)
  A Killer Klown (D)
  2 pandemonium lords (D)
  A bone dragon (D)
  2 Brimstone Fiends (D)
  2 Ice Fiends (D)
  2 Hell Sentinels (D)
  A deep elf blademaster (D)
  A deep elf master archer (D)
  2 acid blobs (D)
  A sphinx (D)
  2 azure jellies (D)
  A daeva (D)
  2 draconian monks (D)
  3 orc warlords (D)
  2 cacodemons (D)
  A ghoul (D)
  2 ghost moths (D)
  A reaper (D)
  2 black draconians (D)
  Nessos (D)
  A dire elephant (D)
  A red draconian (D)
  A blizzard demon (D)
  3 death oozes (D)
  A merfolk impaler (D)
  2 yaktaur captains (D)
  3 vault guards (D)
  A naga warrior (D)
  A hydra (D)
  3 merfolk avatars (D)
  A merfolk aquamancer (D)
  A two-headed ogre (D)
  A deep troll shaman (D)
  5 skeletal warriors (D)
  A deep elf knight (D)
  An unseen horror (D)
  A swamp dragon (D)
  A lindwurm (D)
  3 deep trolls (D)
  A phantasmal warrior (D)
  7 orc knights (D)
  A manticore (D)
  A black mamba (D)
  A cyclops (D)
  A molten gargoyle (D)
  A gargoyle (D)
  A smoke demon (D)
  A rime drake (shapeshifter) (D)
  2 ice devils (D)
  3 yaktaurs (D)
  2 guardian mummies (D)
  5 merfolk (D)
  A polar bear (D)
  A wind drake (D)
  5 blink frogs (D)
  A redback (D)
  2 shadows (D)
  A tarantella (D)
  3 water elementals (D)
  A fire elemental (D)
  2 steam dragons (D)
  3 yaks (D)
  A basilisk (D)
  3 golden eyes (D)
  A warg (D)
  A soldier ant (D)
  A small abomination (D)
  An acid dragon (D)
  A water moccasin (D)
  A floating eye (D)
  2 hell hounds (D)
  5 orc warriors (D)
  A necrophage (D)
  4 centaurs (D)
  An ogre (D)
  2 wolves (D)
  2 phantoms (D)
  A gnoll sergeant (D)
  9 killer bees (D)
  4 wights (D)
  Crazy Yiuf (D)
  A gnoll shaman (D)
  2 orc priests (D)
  2 hounds (D)
  An iguana (D)
  A hell rat (D)
  2 orc wizards (D)
  3 worker ants (D)
  A mummy (D)
  7 gnolls (D)
  An adder (D)
  An ufetubus (D)
  An adder zombie (D)
  An adder skeleton (D)
  A leopard gecko (D)
  12 orcs (D)
  A bat skeleton (D)
  A bat zombie (D)
  A giant cockroach (D)
  A hobgoblin (D)
  A quokka (D)
  A ball python (D)
  A bat (D)
  A frilled lizard (D)
  A rat (D)
203 creatures vanquished.

Vanquished Creatures (collateral kills)
  A ghoul (D)
  2 yaktaur captains (D)
  An alligator snapping turtle (D)
  A deep elf knight (D)
  An unseen horror (D)
  2 deep trolls (D)
  3 orc knights (D)
  A rust devil (D)
  2 yaktaurs (D)
  A spriggan (D)
  A hell hound (D)
  A necrophage (D)
  A killer bee (D)
  An adder simulacrum (D)
  A giant cockroach simulacrum (D)
20 creatures vanquished.

Vanquished Creatures (others)
  An acid blob (D)
  A death ooze (D)
  An adder simulacrum (D)
3 creatures vanquished.

Grand Total: 226 creatures vanquished

Notes
Turn   | Place    | Note
-------+----------+-------------------------------------------
     0 | D        | mhtbhm the Minotaur Fighter began the quest for the Orb.
     0 | D        | Reached XP level 1. HP: 19/19 MP: 0/0
    44 | D        | Found a bloodstained altar of Trog.
    44 | D        | Found a shimmering blue altar of Sif Muna.
    44 | D        | Found a viscous altar of Jiyva.
    44 | D        | Found a hazy altar of Hepliaklqana.
    44 | D        | Found an opulent altar of Gozag.
    45 | D        | Found a glowing golden altar of the Shining One.
    45 | D        | Found a glowing silver altar of Zin.
    45 | D        | Found a basalt altar of Yredelemnul.
    45 | D        | Found a shimmering altar of Xom.
    45 | D        | Found an ornate altar of the Wu Jian Council.
    45 | D        | Found a sacrificial altar of Ru.
    45 | D        | Found a stormy altar of Qazlal.
    45 | D        | Found an iron altar of Okawaru.
    45 | D        | Found a sparkling altar of Nemelex Xobeh.
    45 | D        | Found a burning altar of Makhleb.
    45 | D        | Found a blossoming altar of Fedhas.
    45 | D        | Found a white marble altar of Elyvilon.
    45 | D        | Found a shadowy altar of Dithmenos.
    45 | D        | Found a snail-covered altar of Cheibriados.
    47 | D        | Found a radiant altar of Vehumet.
    47 | D        | Found a corrupted altar of Lugonu.
    47 | D        | Found a roughly hewn altar of Beogh.
    49 | D        | Became a worshipper of Trog the Wrathful
    75 | D        | Noticed a worker ant
    76 | D        | Reached * piety under Trog
    80 | D        | Killed a worker ant
    81 | D        | Reached skill level 5 in Fighting
    81 | D        | Reached skill level 5 in Armour
    81 | D        | Reached skill level 5 in Shields
    81 | D        | Reached XP level 2. HP: 19/29 MP: 1/1
    81 | D        | Reached XP level 3. HP: 24/36 MP: 2/2
   131 | D        | Killed a death ooze
   183 | D        | Noticed a phantom
   186 | D        | Reached ** piety under Trog
   189 | D        | Killed a phantom
   190 | D        | Reached skill level 5 in Axes
   190 | D        | Reached XP level 4. HP: 45/45 MP: 3/3
   293 | D        | Noticed a gnoll sergeant
   293 | D        | Noticed a wolf
   294 | D        | Noticed a necrophage
   299 | D        | Killed a wolf
   300 | D        | Reached XP level 5. HP: 52/52 MP: 4/4
   302 | D        | Reached *** piety under Trog
   307 | D        | Reached **** piety under Trog
   308 | D        | Reached XP level 6. HP: 62/62 MP: 5/5
   365 | D        | Noticed a floating eye
   368 | D        | Killed a floating eye
   369 | D        | Reached skill level 1 in Dodging
   369 | D        | Reached XP level 7. HP: 70/70 MP: 6/6
   371 | D        | Noticed a steam dragon
   375 | D        | Killed a steam dragon
   375 | D        | Reached ***** piety under Trog
   376 | D        | Reached skill level 10 in Axes
   376 | D        | Reached skill level 10 in Armour
   376 | D        | Reached skill level 10 in Shields
   386 | D        | Killed an acid blob
   532 | D        | Received a gift from Trog
   536 | D        | Noticed a two-headed ogre
   544 | D        | Killed a two-headed ogre
   545 | D        | Reached skill level 10 in Fighting
   545 | D        | Reached XP level 8. HP: 64/81 MP: 7/7
   715 | D        | Noticed a blink frog
   715 | D        | Noticed a blink frog
   716 | D        | Noticed a blink frog
   716 | D        | Noticed a blink frog
   718 | D        | Noticed a blink frog
   724 | D        | Killed a blink frog
   726 | D        | Killed a blink frog
   728 | D        | Killed a blink frog
   728 | D        | Received a gift from Trog
   729 | D        | Reached XP level 9. HP: 89/89 MP: 8/8
   780 | D        | Noticed a yaktaur
   786 | D        | Killed a yaktaur
   787 | D        | Reached skill level 15 in Axes
   836 | D        | Noticed a swamp dragon
   848 | D        | Killed a swamp dragon
   848 | D        | Received a gift from Trog
  1098 | D        | Noticed a merfolk
  1099 | D        | Noticed a merfolk
  1099 | D        | Noticed a merfolk aquamancer
  1101 | D        | Noticed a merfolk
  1108 | D        | Killed a merfolk
  1111 | D        | Killed a merfolk aquamancer
  1112 | D        | Reached skill level 1 in Stealth
  1112 | D        | Reached XP level 10. HP: 83/101 MP: 9/9
  1115 | D        | Reached ****** piety under Trog
  1227 | D        | Noticed an orc knight
  1240 | D        | Killed an orc knight
  1357 | D        | Noticed a skeletal warrior
  1357 | D        | Noticed a skeletal warrior
  1357 | D        | Noticed a skeletal warrior
  1360 | D        | Noticed a skeletal warrior
  1360 | D        | Noticed a cyclops
  1360 | D        | Noticed a skeletal warrior
  1369 | D        | Killed a skeletal warrior
  1371 | D        | Killed a skeletal warrior
  1371 | D        | Received a gift from Trog
  1376 | D        | Killed a skeletal warrior
  1382 | D        | Killed a skeletal warrior
  1383 | D        | Reached XP level 11. HP: 111/111 MP: 10/10
  1384 | D        | Killed a skeletal warrior
  1566 | D        | Reached skill level 15 in Fighting
  1644 | D        | Received a gift from Trog
  1645 | D        | Found the +14 obsidian axe {vorpal, +Fly SInv *Curse}
  1715 | D        | Noticed Crazy Yiuf
  1715 | D        | Noticed an unseen horror
  1720 | D        | Killed an unseen horror
  1724 | D        | Killed Crazy Yiuf
  1724 | D        | Received a gift from Trog
  1739 | D        | Noticed a deep troll
  1744 | D        | Noticed an unseen horror
  1744 | D        | Killed a deep troll
  1745 | D        | Reached skill level 15 in Shields
  1746 | D        | Killed an unseen horror
  1750 | D        | Received a gift from Trog
  1766 | D        | Noticed a deep troll
  1770 | D        | Killed a deep troll
  1771 | D        | Reached skill level 15 in Armour
  1771 | D        | Received a gift from Trog
  1791 | D        | Noticed a six-headed hydra
  1796 | D        | Killed a nine-headed hydra
  1796 | D        | Received a gift from Trog
  1850 | D        | Noticed a merfolk impaler
  1850 | D        | Noticed a lindwurm
  1852 | D        | Noticed an orc knight
  1857 | D        | Received a gift from Trog
  1858 | D        | Killed a lindwurm
  1862 | D        | Received a gift from Trog
  1867 | D        | Reached XP level 12. HP: 125/125 MP: 11/11
  1871 | D        | Received a gift from Trog
  1873 | D        | Killed a merfolk impaler
  2220 | D        | Noticed a merfolk avatar
  2220 | D        | Noticed an orc warlord
  2227 | D        | Killed an orc warlord
  2232 | D        | Killed a merfolk avatar
  2236 | D        | Received a gift from Trog
  2240 | D        | Got the cursed ring of Discretion {*Slow Str-4 Int+9 Dex+2}
  2390 | D        | Noticed an Ice Fiend
  2395 | D        | Killed an Ice Fiend
  2682 | D        | Noticed a yellow draconian monk
  2691 | D        | Killed a yellow draconian monk
  2761 | D        | Noticed a cacodemon
  2767 | D        | Killed a cacodemon
  2847 | D        | Noticed a black draconian
  2852 | D        | Received a gift from Trog
  2861 | D        | Noticed a dire elephant
  2861 | D        | Noticed Nessos
  2864 | D        | Killed Nessos
  2866 | D        | Killed a black draconian
  2867 | D        | Reached XP level 13. HP: 139/139 MP: 12/12
  2869 | D        | Killed a dire elephant
  2869 | D        | Received a gift from Trog
  2878 | D        | Received a gift from Trog
  2892 | D        | Received a gift from Trog
  2908 | D        | Got the ring of Tiennagh {*Slow +Fly Int+7 Dex+4 Stlth-}
  3069 | D        | Noticed an orc warlord
  3070 | D        | Noticed an orc warlord
  3080 | D        | Killed an orc warlord
  3085 | D        | Killed an orc warlord
  3087 | D        | Noticed a ghoul
  3087 | D        | Received a gift from Trog
  3089 | D        | Reached skill level 5 in Stealth
  3098 | D        | Received a gift from Trog
  3102 | D        | Killed a ghoul
  3109 | D        | Received a gift from Trog
  3109 | D        | Noticed a ghoul
  3113 | D        | Reached skill level 10 in Stealth
  3124 | D        | Killed a ghoul
  3124 | D        | Received a gift from Trog
  3303 | D        | Got a brightly glowing broad axe {god gift}
  3604 | D        | Identified the +1 broad axe "Giutzut" {antimagic, rC+ rN++
                  | Str+3} (Trog gifted it to you in the Dungeon)
  3646 | D        | Noticed a bone dragon
  3646 | D        | Noticed a cacodemon
  3646 | D        | Noticed a reaper
  3646 | D        | Noticed a deep elf blademaster
  3666 | D        | Killed a deep elf blademaster
  3667 | D        | Reached XP level 14. HP: 130/154 MP: 13/13
  3677 | D        | Killed a reaper
  3678 | D        | Reached skill level 5 in Dodging
  3679 | D        | Killed a cacodemon
  3679 | D        | Received a gift from Trog
  3686 | D        | Killed a bone dragon
  4045 | D        | Noticed an Ice Fiend
  4056 | D        | Killed an Ice Fiend
  4310 | D        | Noticed a ghost moth
  4313 | D        | Killed a ghost moth
  4315 | D        | Noticed a Killer Klown
  4336 | D        | Killed a Killer Klown
  4336 | D        | Received a gift from Trog
  4337 | D        | Reached skill level 1 in Unarmed Combat
  4378 | D        | Got a pitted broad axe {god gift}
  4532 | D        | Noticed a Brimstone Fiend
  4537 | D        | Killed a Brimstone Fiend
  4540 | D        | Noticed a ghost moth
  4547 | D        | Killed a ghost moth
  4632 | D        | Identified the +9 broad axe of the Equinox {vorpal, Dex+4}
                  | (Trog gifted it to you in the Dungeon)
  4702 | D        | Noticed a red draconian monk
  4709 | D        | Killed a red draconian monk
  4873 | D        | Noticed Antaeus
  4907 | D        | HP: 2/158 [Antaeus/flash freeze (21)]
  4908 | D        | Killed Antaeus
  4908 | D        | Received a gift from Trog
  4909 | D        | Reached skill level 10 in Dodging
  4909 | D        | Reached XP level 15. HP: 3/168 MP: 14/14
  5247 | D        | Noticed a sphinx
  5251 | D        | Killed a sphinx
  5252 | D        | Reached skill level 1 in Evocations
  5254 | D        | Noticed Tapnin the pandemonium lord
  5261 | D        | Killed Tapnin the pandemonium lord
  5336 | D        | Noticed a Hell Sentinel
  5342 | D        | Killed a Hell Sentinel
  5407 | D        | Noticed Khufu
  5407 | D        | Noticed a royal mummy
  5407 | D        | Noticed a royal mummy
  5407 | D        | Noticed a Brimstone Fiend
  5421 | D        | Killed a royal mummy
  5421 | D        | Received a gift from Trog
  5465 | D        | Killed a royal mummy
  5466 | D        | HP: 3/170 [Brimstone Fiend/damnation (42)]
  5473 | D        | Killed a Brimstone Fiend
  5724 | D        | Received a gift from Trog
  5794 | D        | Noticed a deep elf master archer
  5797 | D        | Killed a deep elf master archer
  5802 | D        | Noticed a Hell Sentinel
  5806 | D        | Killed a Hell Sentinel
  5810 | D        | Noticed Boris
  5810 | D        | Noticed a daeva
  5819 | D        | Killed Boris
  5820 | D        | Noticed Acora Sedd the pandemonium lord
  5822 | D        | Noticed the Royal Jelly
  5826 | D        | Killed Acora Sedd the pandemonium lord
  5826 | D        | Received a gift from Trog
  5827 | D        | Noticed an azure jelly
  5827 | D        | Noticed an azure jelly
  5828 | D        | Noticed an azure jelly
  5828 | D        | Noticed an acid blob
  5829 | D        | Noticed an acid blob
  5829 | D        | Noticed an azure jelly
  5829 | D        | Noticed an azure jelly
  5830 | D        | Noticed an acid blob
  5832 | D        | Killed a daeva
  5833 | D        | Reached XP level 16. HP: 92/182 MP: 15/15
  5834 | D        | Killed an acid blob
  5835 | D        | Killed an acid blob
  5838 | D        | HP: 13/273 [death ooze[the Royal Jelly] (14)]
  5839 | D        | HP: 5/273 [azure jelly[the Royal Jelly] (7)]
  5840 | D        | Noticed an acid blob
  5840 | D        | Slain by an azure jelly

Illustrated notes

Levels and vault maps discovered:
D:        pitsprint [storerooms_1, entrance_room_1, metal_vault_1, armoury_1,
          mini_pit_1, grid_room_1, main_hall_1, silver_pit, the_coven_1,
          the_vestibule_1, steel_vault_1, golden_pit, hallway_of_sentries,
          crystal_vault_1, iron_vault_1, final_vault]

Skill      XL: |  1  2  3  4  5  6  7  8  9 10 11 12 13 14 15 |
---------------+----------------------------------------------+-----
Fighting       | 5 6 7 8 9 10 11 13 14 17 20 22 24 26 | 26.6
Armour         | 5 7 8 9 11 13 15 16 17 19 20 | 20.4
Shields        | 5 6 7 8 9 10 11 13 14 16 18 19 22 24 | 24.7
Axes           | 3 5 7 8 9 12 14 17 18 20 22 23 25 26 | 26.7
Dodging        | 1 2 3 4 10 12 | 12.9
Stealth        | 1 12 13 14 | 14.8
Unarmed Combat | 4 |  4.6
Evocations     | 2 |  2.3

Action                   |  1- 3 |  4- 6 |  7- 9 | 10-12 | 13-15 | 16-18 || total
-------------------------+-------+-------+-------+-------+-------+-------++-------
Melee: Hand axe          |    13 |    16 |    18 |       |       |       ||    47
       Headbutt          |     3 |     3 |    10 |    39 |    69 |     2 ||   126
       War axe           |     3 |       |    37 |    54 |       |       ||    94
       Broad axe         |       |       |       |   103 |   232 |     8 ||   343
       Unarmed           |       |       |       |       |     6 |       ||     6
Invok: Berserk           |     1 |     1 |     6 |    10 |    11 |       ||    29
       Brothers in Arms  |       |       |       |       |     4 |       ||     4
       Trog's Hand       |       |       |       |       |     3 |       ||     3
Evoke: Phantom mirror    |       |       |       |       |     1 |       ||     1
       Lightning rod     |       |       |       |       |     1 |       ||     1
  Use: Potion            |       |       |     1 |     1 |    22 |       ||    24
       Scroll            |       |       |       |       |     8 |       ||     8
 Stab: Invisible         |       |       |       |       |    14 |       ||    14
       Sleeping          |       |       |       |       |     7 |       ||     7
Armor: Scale mail        |    10 |       |       |       |       |       ||    10
       Chain mail        |       |    12 |     8 |     3 |     6 |       ||    29
       Plate armour      |       |       |    15 |    38 |       |       ||    53
       Ice dragon scales |       |       |       |       |    79 |     5 ||    84
Dodge: Dodged            |     7 |     4 |    18 |    38 |    57 |     6 ||   130
Block: Kite shield       |     7 |     9 |    35 |    83 |    34 |       ||   168
       Tower shield      |       |       |       |       |   165 |    17 ||   182

Table legend: (Time is in decaauts)
 A = Elapsed time spent in this place.
 B = Non-inter-level travel time spent in this place.
 C = Inter-level travel time spent in this place.
 D = Time resting spent in this place.
 E = Time spent auto-exploring this place.
 F = Levels seen in this place.
 G = Mean time per level.
                   A        B        C        D        E       F      G
               +--------+--------+--------+--------+--------+-----+--------+
         Total |   5970 |   5970 |      0 |   3747 |      0 |   1 | 5970.0 |
       Dungeon |   5970 |   5970 |      0 |   3747 |      0 |   1 | 5970.0 |
               +--------+--------+--------+--------+--------+-----+--------+

Top non-repeatable levels by time:
       D: 5970 daAuts
